 Dungeon Crawl Stone Soup version 0.30-a0-360-g447f08457e (webtiles) character file.

Game seed: 14189980534177094156

369 sleeves the Slasher (level 6, -2/47 HPs)
             Began as a Demonspawn Monk on Nov 13, 2022.
             Slain by a gnoll
             ... wielding a +0 halberd
              (8 damage)
             ... on level 4 of the Dungeon.
             The game lasted 00:02:58 (3407 turns).

sleeves the Slasher (Demonspawn Monk)               Turns: 3407, Time: 00:02:59

Health: -2/47      AC: 11    Str: 11    XL:     6   Next: 41%
Magic:  6/6        EV: 11    Int: 17    God:
Gold:   83         SH:  0    Dex: 18    Spells: 5/5 levels left

rFire   . . .      SeeInvis .    a - +0 falchion
rCold   . . .      Faith    .    (no shield)
rNeg    . . .      Spirit   .    o - +0 ring mail
rPois   .          Reflect  .    r - +0 helmet
rElec   .          Harm     .    u - +0 cloak
rCorr   .          Rampage  .    j - +0 pair of gloves
Will    .....                    C - +0 pair of boots
Stlth   +.........               (no amulet)
HPRegen 0.27/turn                s - +6 ring of intelligence
MPRegen 0.10/turn                x - ring of flight

@: flying
A: thin metallic scales 1, weakness stinger 2
a: no special abilities


You were on level 4 of the Dungeon.
You visited 1 branch of the dungeon, and saw 4 of its levels.

You collected 151 gold pieces.
You spent 68 gold pieces at shops.

Inventory:

Hand Weapons
 a - a +0 falchion (weapon)
Armour
 j - a +0 pair of gloves (worn)
   (You found it on level 1 of the Dungeon)
 o - a +0 ring mail (worn)
   (You found it on level 1 of the Dungeon)
 r - a +0 helmet (worn)
   (You took it off Robin on level 2 of the Dungeon)
 u - a +0 cloak (worn)
   (You took it off Crazy Yiuf on level 2 of the Dungeon)
 C - a +0 pair of boots (worn)
   (You found it on level 4 of the Dungeon)
Jewellery
 s - a +6 ring of intelligence (left hand)
   (You found it on level 2 of the Dungeon)
 x - a ring of flight (right hand)
   (You found it on level 3 of the Dungeon)
Wands
 q - a wand of light (2)
   (You found it on level 2 of the Dungeon)
 v - a wand of polymorph (8)
   (You took it off Crazy Yiuf on level 2 of the Dungeon)
Scrolls
 b - 2 scrolls of vulnerability
 d - a scroll of teleportation
 p - a scroll of enchant weapon
 w - a scroll of magic mapping {unknown}
 y - 2 scrolls of amnesia {unknown}
 A - 4 scrolls of torment {unknown}
 B - a scroll of fear {unknown}
 D - a scroll of noise {unknown}
Potions
 c - a potion of ambrosia
 e - 3 potions of heal wounds {unknown}
 f - a potion of lignification {unknown}
 g - 2 potions of mutation {unknown}
 h - a potion of might {unknown}
 i - 4 potions of curing
 k - 3 potions of attraction
 l - a potion of cancellation {unknown}
 m - a potion of berserk rage {unknown}
 n - a potion of invisibility {unknown}
 t - a potion of magic {unknown}
 z - a potion of brilliance {unknown}


   Skills:
 - Level 3.0 Fighting
 + Level 6.7 Long Blades
 - Level 2.6 Dodging
 - Level 1.7 Stealth


You had 5 spell levels left.
You didn't know any spells.
Your spell library contained the following spells:

 Spells                   Type           Power      Damage    Failure   Level
 Beastly Appendage        Tmut           0%         N/A       50%         1
 Shock                    Conj/Air       0%         1d3       50%         1
 Wereblood                Tmut           0%         N/A       65%         2
 Frozen Ramparts          Ice            0%         1d1       86%         3
 Ignite Poison            Fire/Tmut/Pois 0%         N/A       86%         3
 Kindle Blastsparks       Fire/Tloc/Air  0%         2d10      86%         3
 Spider Form              Tmut/Pois      0%         N/A       86%         3
 Swiftness                Air            0%         N/A       86%         3
 Airstrike                Air            0%         2d(0-16)  99%         4
 Ice Form                 Ice/Tmut       0%         N/A       99%         4
 Summon Ice Beast         Ice/Summ       0%         N/A       99%         4
 Freezing Cloud           Conj/Ice/Air   0%         6-21      100%        5


Dungeon Overview and Level Annotations

Branches:
Dungeon (4/15)
 Temple: D:4-7

Altars:
Dithmenos
Gozag

Shops:
D:2 ?   D:4 !


Innate Abilities, Weirdness & Mutations

You are partially covered in thin metallic scales. (AC +2)
You have a tail ending in a sharp stinger.


Message History

No target in view!
No target in view!
A ball python comes into view.
The ball python moves out of view.
The ball python hisses angrily.
A ball python is nearby!
The ball python bites you. The ball python grabs you.
The ball python constricts you.
You hit the ball python.
You kill the ball python!
No target in view!
No target in view!
No target in view!
No target in view!
No target in view!
No target in view!
No target in view!
Found a hammer.
Found a runed translucent door.
Crazy Yiuf shouts!
Crazy Yiuf yells, "Mugger!
Line toodlewoodle wrapper."
You see here a +0 club.
Crazy Yiuf shouts!
Could not explore, unopened runed door.
No reachable target in view!
No reachable target in view!
No reachable target in view!
No reachable target in view!
No reachable target in view!
No reachable target in view!
No reachable target in view!
Press: ? - help, v - describe, . - travel
Here: Crazy Yiuf, wielding a +4 quarterstaff of chaos, wearing a +0 cloak and carrying a wand of polymorph (9) (fire blocked by a runed translucent door)
The floor.
You open the door. You barely miss Crazy Yiuf.
Your tail-slap misses Crazy Yiuf.
Crazy Yiuf zaps a wand.
You turn into a tree.
Your +0 helmet melds into your body.
Your +0 pair of gloves melds into your body.
Your +0 ring mail melds into your body.
Your roots penetrate the ground.
You hit Crazy Yiuf but do no damage.
Crazy Yiuf screams, "Powder!"
Crazy Yiuf hits you with a +4 quarterstaff of chaos.
Crazy Yiuf freezes you.
You barely miss Crazy Yiuf.
Crazy Yiuf hits you with a +4 quarterstaff of chaos.
You are electrocuted!
You are too injured to fight recklessly!
You are too injured to fight recklessly!
You are too injured to fight recklessly!
You are too injured to fight recklessly!
You are too injured to fight recklessly!
You are too injured to fight recklessly!
You are too injured to fight recklessly!
You are too injured to fight recklessly!
You are too injured to fight recklessly!
You are too injured to fight recklessly!
You are too injured to fight recklessly!
You are too injured to fight recklessly!
You are too injured to fight recklessly!
You are too injured to fight recklessly!
You are too injured to fight recklessly!
You are too injured to fight recklessly!
You are too injured to fight recklessly!
You are too injured to fight recklessly!
You hit Crazy Yiuf.
Crazy Yiuf is moderately wounded.
Crazy Yiuf hits you but does no damage.
A red film seems to cover your vision as you go berserk!
You feel yourself moving faster!
You feel mighty!
You barely miss Crazy Yiuf.
Crazy Yiuf is moderately wounded.
Crazy Yiuf hits you but does no damage.
You feel yourself speed up.
You hit Crazy Yiuf.
Crazy Yiuf is moderately wounded.
Crazy Yiuf hits you with a +4 quarterstaff of chaos!
* * * LOW HITPOINT WARNING * * *
Crazy Yiuf draws strength from your wounds!
You slash Crazy Yiuf!
You kill Crazy Yiuf!
Your Long Blades skill increases to level 5!
You cannot move.
You cannot move.
You start resting.
You feel a strong urge to attack something.
You start resting.
You feel your anger nearly subside.
You start resting.
You are no longer berserk.
You are exhausted.
You feel yourself slow down.
You start resting.
Your transformation is almost over.
You feel less wooden.
Your +0 helmet unmelds from your body.
Your +0 pair of gloves unmelds from your body.
Your +0 ring mail unmelds from your body.
u - a +0 cloak;
v - a wand of polymorph (8)
There is an open translucent door here.
You see here a +4 quarterstaff of chaos.
You start resting.
Your extra speed is starting to run out.
w - a +4 quarterstaff of chaos
Okay, then.
You drop a +4 quarterstaff of chaos.
You feel yourself speed up.
You start putting on your armour.
You continue putting on your +0 cloak. x3
You feel yourself slow down.
You continue putting on your +0 cloak.
You finish putting on your +0 cloak.
You recover from your berserk rage.
HP restored.
Done exploring.
Done exploring.
Done exploring.
(D) Dungeon
Where to? (Enter - D:2, ? - help)
There is an open translucent door here.
You see here a +4 quarterstaff of chaos.
There is a stone staircase leading down here.
You climb downwards.
There is a stone staircase leading up here.
A giant cockroach comes into view.
A giant cockroach is nearby!
A giant cockroach is nearby!
You hit the giant cockroach.
The giant cockroach is heavily wounded.
The giant cockroach closely misses you.
You hit the giant cockroach but do no damage.
The giant cockroach is heavily wounded.
The giant cockroach barely misses you.
You barely miss the giant cockroach. Your punch misses the giant cockroach.
The giant cockroach is heavily wounded.
The giant cockroach bites you but does no damage.
You hit the giant cockroach but do no damage.
The giant cockroach is heavily wounded.
The giant cockroach bites you but does no damage.
The giant cockroach completely misses you.
You hit the giant cockroach.
You kill the giant cockroach!
No target in view!
No target in view!
No target in view!
Found a stone staircase leading down.
e - 2 emerald potions (gained 1)
A gnoll comes into view. It is wielding a +0 whip.
The gnoll moves out of view.
A worm comes into view.
The gnoll hits you but does no damage.
You hit the gnoll.
The gnoll is heavily wounded.
The gnoll hits you but does no damage.
You hit the gnoll. You tail-slap the gnoll.
You kill the gnoll!
You have reached level 5!
Things that are here:
a +0 whip; a gnoll corpse A gnoll comes into view.
It is wielding a +0 club.
The worm bites you.
You slash the worm!
The worm is heavily wounded.
The gnoll shouts!
The worm barely misses you.
You hit the worm. You tail-slap the worm.
The worm is severely wounded.
A gnoll comes into view. It is wielding a +0 halberd.
You barely miss the worm.
The worm is severely wounded.
The gnoll hits you with a +0 club. The worm barely misses you.
You barely miss the worm.
The worm is severely wounded.
The gnoll closely misses you. The worm bites you but does no damage.
You barely miss the worm.
The worm is heavily wounded.
The gnoll shouts!
The gnoll hits you with a +0 club.
You slash the worm!
The worm is almost dead.
The gnoll barely misses you. The worm barely misses you.
You hit the worm.
You kill the worm!
The gnoll closely misses you.
You slash the gnoll!
The gnoll is severely wounded.
The gnoll misses you. The gnoll hits you but does no damage.
You hit the gnoll.
The gnoll is almost dead.
The gnoll barely misses you. The gnoll hits you but does no damage.
You hit the gnoll.
You kill the gnoll!
The gnoll misses you.
A gnoll is nearby!
A gnoll is nearby!
The gnoll hits you with a +0 halberd.
Things that are here:
a +0 club; a gnoll corpse You slash the gnoll!
You tail-slap the gnoll.
You kill the gnoll!
No target in view!
No target in view!
No target in view!
No target in view!
No target in view!
No target in view!
No target in view!
No target in view!
No target in view!
No target in view!
No target in view!
HP restored.
You see here a worm corpse.
An adder and an orc come into view.
There are monsters nearby!
There are monsters nearby! 2 orcs come into view.
The orc shouts! x2
Found a scroll labelled VURPHI WAICVO.
An orc and an orc wizard come into view.
The orc wizard is wielding a +4 dagger of holy wrath.
The orc wizard shouts!
The adder hisses angrily.
The orc shouts!
The adder attacks as you move away! The adder barely misses you.
The adder attacks as you move away!
The adder bites you but does no damage. x2
The adder attacks as you move away! The adder barely misses you.
You barely miss the adder.
The orc wizard mumbles some strange words.
The orc wizard flickers and vanishes!
Deactivating autopickup; reactivate with Ctrl-A.
The adder barely misses you.
You slash the adder! You tail-slap the adder.
The adder is severely wounded.
The adder barely misses you. The adder misses you.
You closely miss the adder. You tail-slap the adder.
You kill the adder!
A puff of flame appears from out of thin air!
The puff of flame misses you.
You slash the orc!
You kill the orc!
You hear some strange, mumbled words.
A puff of flame appears from out of thin air!
The puff of flame hits you!
Things that are here:
a +0 hand axe; a +0 scale mail You hit something but do no damage.
Something hits you but does no damage.
You slash something! Something hits you.
You convulse.
You hit something.
Your tail-slap misses something.
Something hits you but does no damage.
You slash something!
Reactivating autopickup.
You feel a bit more experienced.
You closely miss the orc.
Your tail-slap misses the orc.
The orc misses you.
You hit the orc. You tail-slap the orc. Your punch misses the orc.
The orc is almost dead.
The orc barely misses you.
You hit the orc.
You kill the orc!
You hit the orc.
You tail-slap the orc, but do no damage.
The orc is heavily wounded.
The orc hits you but does no damage.
You hit the orc.
The orc is severely wounded.
The orc closely misses you.
You hit the orc. You tail-slap the orc.
You kill the orc!
You hit the orc.
The orc is heavily wounded.
The orc hits you but does no damage.
You hit the orc.
You kill the orc!
No target in view!
No target in view!
No target in view!
No target in view!
No target in view!
No target in view!
No target in view!
No target in view!
No target in view!
No target in view!
No target in view!
No target in view!
No target in view!
No target in view!
No target in view!
Items here: )))) [[ ††.
You now have 71 gold pieces (gained 8).
w - a scroll labelled VURPHI WAICVO
x - a ring of flight
Found a stone staircase leading down.
No target in view!
No target in view!
No target in view!
No target in view!
No target in view!
No target in view!
You feel clever.
s - a +6 ring of intelligence (left hand)
You fly up into the air.
x - a ring of flight (right hand)
Found a stone staircase leading up.
There is a stone staircase leading down here.
There is a stone staircase leading up here.
Found a stone staircase leading up.
There is a stone staircase leading up here.
Found 2 poisoned darts.
No target in view!
No target in view!
No target in view!
No target in view!
No target in view!
No target in view!
No target in view!
No target in view!
No target in view!
You now have 82 gold pieces (gained 11).
A frilled lizard comes into view.
The frilled lizard hisses angrily.
A frilled lizard is nearby!
A frilled lizard is nearby!
The frilled lizard barely misses you.
You miss the frilled lizard.
The frilled lizard bites you but does no damage.
You miss the frilled lizard. You tail-slap the frilled lizard.
You kill the frilled lizard!
No target in view!
No target in view!
No target in view!
No target in view!
No target in view!
No target in view!
You see here a frilled lizard corpse.
An orc wizard comes into view. It is wielding a +0 dagger.
The orc wizard shouts!
You hear a shout!
An orc comes into view. It is wielding a +0 hand axe.
The orc wizard moves out of view.
An orc comes into view. It is wielding a +0 whip.
There are monsters nearby!
There are monsters nearby!
The orc shouts!
Found an escape hatch in the ceiling.
You hit the orc.
You tail-slap the orc, but do no damage.
The orc is lightly wounded.
The orc wizard casts a spell.
The orc wizard flickers and vanishes!
Deactivating autopickup; reactivate with Ctrl-A.
You slash the orc!
You kill the orc!
You hit the orc but do no damage. The orc hits you but does no damage.
Something hits you but does no damage.
You slash the orc!
You kill the orc!
Something hits you but does no damage.
No target in view!
No target in view!
No target in view!
No target in view!
No target in view!
No target in view!
No target in view!
No target in view!
No target in view!
No target in view!
No target in view!
No target in view!
No target in view!
No target in view!
No target in view!
No target in view!
No target in view!
No target in view!
No target in view!
Something hits you but does no damage.
Things that are here:
a +0 hand axe; a +0 leather armour
Found a stone staircase leading down.
Something hits you. Something hits you.
There is a strange disturbance nearby!
No target in view!
No target in view!
No target in view!
No target in view!
No target in view!
No target in view!
No target in view!
No target in view!
No target in view!
No target in view!
No target in view!
You hit something but do no damage. Something hits you.
You hit something. Something hits you.
You hit something. Something hits you but does no damage.
You miss something.
You hear some strange, mumbled words.
A puff of flame appears from out of thin air!
The puff of flame hits you.
You hit something.
Reactivating autopickup.
You feel a bit more experienced.
Your Long Blades skill increases to level 6!
Things that are here:
a +0 dagger; a +0 robe An adder comes into view.
There is a stone staircase leading down here.
An adder is nearby!
An adder is nearby!
An adder is nearby!
A ball python comes into view.
The ball python hisses angrily.
The adder hisses angrily.
The adder bites you but does no damage.
You barely miss the adder. The adder closely misses you.
You hit the adder.
The adder is severely wounded.
The adder bites you but does no damage.
You slash the adder!
You kill the adder!
The ball python closely misses you. The ball python grabs you.
The ball python constricts you.
You slash the ball python!
You kill the ball python!
No target in view!
No target in view!
No target in view!
No target in view!
You see here a ball python corpse.
A kobold comes into view. It is wielding a +0 dagger.
The kobold shouts!
A kobold is nearby!
A kobold is nearby!
The kobold misses you.
You hit the kobold but do no damage. The kobold hits you with a +0 dagger.
You slash the kobold!
You kill the kobold!
No target in view!
No target in view!
No target in view!
No target in view!
No target in view!
No target in view!
No target in view!
Found 5 javelins.
Found 7 stones.
You see here 5 javelins.
z - an amethyst potion No target in view!
No target in view!
No target in view!
No target in view!
No target in view!
No target in view!
No target in view!
No target in view!
No target in view!
No target in view!
No target in view!
y - a scroll labelled YRUFUE ZUISK A goblin comes into view.
It is wielding a +0 dagger of draining.
Found a scroll of vulnerability and 19 gold pieces.
A goblin is nearby!
The goblin shouts!
You slash the goblin!
You kill the goblin!
No target in view!
No target in view!
No target in view!
No target in view!
No target in view!
No target in view!
No target in view!
No target in view!
No target in view!
No target in view!
No target in view!
No target in view!
Things that are here:
a +0 dagger of draining; a goblin corpse
b - 2 scrolls of vulnerability (gained 1)
You now have enough gold to buy a scroll of blinking on D:2, buy a scroll of enchant weapon on D:2, or buy a scroll of enchant armour on D:2.
You can access your shopping list by pressing '$'.
You now have 101 gold pieces (gained 19).
An adder comes into view.
The adder hisses angrily.
An adder is nearby!
You miss the adder. The adder bites you.
You slash the adder!
The adder is severely wounded.
The adder closely misses you. The adder bites you but does no damage.
You closely miss the adder.
The adder is severely wounded.
The adder closely misses you.
You miss the adder. You tail-slap the adder.
The adder is almost dead.
The adder bites you but does no damage.
You barely miss the adder.
The adder is almost dead.
The adder barely misses you. The adder bites you but does no damage.
You closely miss the adder. You tail-slap the adder.
You kill the adder!
No target in view!
No target in view!
No target in view!
You see here an adder corpse.
Found 5 stones.
A kobold comes into view. It is wielding a +0 dagger.
The kobold shouts!
A kobold is nearby!
You barely miss the kobold. The kobold misses you.
You hit the kobold but do no damage. The kobold closely misses you.
You hit the kobold.
You kill the kobold!
No target in view!
No target in view!
No target in view!
No target in view!
No target in view!
No target in view!
No target in view!
Things that are here:
a +0 dagger; a kobold corpse
A - a scroll labelled JILUXOUTHRU You now have 107 gold pieces (gained 6).
A worm comes into view.
Found an escape hatch in the floor.
A worm is nearby!
There is an escape hatch in the floor here.
You slash the worm!
The worm is heavily wounded.
The worm bites you but does no damage.
You slash the worm!
The worm is almost dead.
You slash the worm!
You kill the worm!
No target in view!
No target in view!
No target in view!
No target in view!
No target in view!
Items here: )))) [[.
e - 3 emerald potions (gained 1)
You see here 7 stones.
You see here 7 stones.
Found a shadowy altar of Dithmenos and an opulent altar of Gozag.
Done exploring.
No target in view!
No target in view!
No target in view!
No target in view!
No target in view!
No target in view!
No target in view!
No target in view!
No target in view!
No target in view!
Done exploring.
Done exploring.
Done exploring.
Done exploring.
(D) Dungeon
Where to? (Enter - D:3, ? - help)
Things that are here:
a +0 whip; a +0 leather armour
Things that are here:
a +0 hand axe; a +0 leather armour
There is a stone staircase leading down here.
You fly downwards.
Found 6 stones and a ring mail.
There is a stone staircase leading up here.
An adder is nearby!
An adder is nearby!
An adder is nearby!
The helpless adder fails to defend itself.
You hit the adder.
The adder is moderately wounded.
The adder misses you. The adder bites you but does no damage.
You hit the adder.
The adder is heavily wounded.
The adder bites you but does no damage.
You hit the adder.
Your tail-slap misses the adder.
The adder is heavily wounded.
The adder misses you.
You hit the adder.
The adder is severely wounded.
The adder bites you but does no damage. The adder closely misses you.
You barely miss the adder.
The adder is severely wounded.
The adder bites you.
You are poisoned.
The adder poisons you!
You closely miss the adder.
The adder is severely wounded.
You feel sick. The adder bites you.
You miss the adder. You tail-slap the adder.
You kill the adder!
You feel sick.
You have reached level 6!
You feel sick.
You feel sick.
You feel sick.
You are no longer poisoned.
HP restored.
You see here an adder corpse.
Found a chain mail.
Found a stone staircase leading up.
There is a stone staircase leading up here.
A hobgoblin comes into view.
A hobgoblin is nearby!
A hobgoblin is nearby!
The hobgoblin shouts!
You hear a shout! x2
Found a book of Changes.
The hobgoblin hits you but does no damage.
You hit the hobgoblin but do no damage.
The hobgoblin hits you but does no damage.
A goblin comes into view. It is wielding a +0 club.
You closely miss the hobgoblin. You tail-slap the hobgoblin.
You kill the hobgoblin!
The goblin barely misses you.
You barely miss the goblin. You closely miss the goblin.
The goblin hits you with a +0 club.
You closely miss the goblin. The goblin hits you but does no damage.
You miss the goblin. The goblin hits you but does no damage.
You slash the goblin!
You kill the goblin!
No target in view!
No target in view!
No target in view!
A ball python comes into view.
Things that are here:
a +0 club; 3 scrolls labelled JILUXOUTHRU; a goblin corpse A ball python is nearby!
A ball python is nearby!
Found a book of Rime, a scroll labelled YRUFUE ZUISK and a pair of boots.
Found an escape hatch in the ceiling.
The ball python hisses angrily.
A hobgoblin comes into view.
You hit the ball python.
The ball python is moderately wounded.
The ball python bites you but does no damage.
The ball python barely misses you.
You slash the ball python!
You kill the ball python!
You closely miss the hobgoblin.
The hobgoblin hits you but does no damage.
You completely miss the hobgoblin.
Your tail-slap misses the hobgoblin.
The hobgoblin hits you.
You closely miss the hobgoblin. The hobgoblin hits you.
You hit the hobgoblin.
The hobgoblin is heavily wounded.
The hobgoblin hits you but does no damage.
You barely miss the hobgoblin.
Your tail-slap misses the hobgoblin.
The hobgoblin is heavily wounded.
The hobgoblin barely misses you.
You barely miss the hobgoblin.
The hobgoblin is heavily wounded.
The hobgoblin closely misses you.
You slash the hobgoblin!
You kill the hobgoblin!
No target in view!
B - a scroll labelled QYITUIBAARE You see here a ball python corpse.
You pick up a book of Changes and begin reading...
You add the spells Beastly Appendage, Wereblood and Spider Form to your library.
An adder comes into view.
An adder is nearby!
The adder hisses angrily.
The adder completely misses you.
You closely miss the adder. The adder barely misses you. x2
You miss the adder.
Your tail-slap misses the adder.
The adder closely misses you.
You closely miss the adder. The adder closely misses you.
You closely miss the adder. The adder bites you but does no damage.
The adder barely misses you.
You hit the adder.
The adder is heavily wounded.
The adder barely misses you.
You closely miss the adder.
The adder is heavily wounded.
The adder bites you but does no damage.
You hit the adder.
The adder is heavily wounded.
The adder barely misses you. The adder closely misses you.
You closely miss the adder.
The adder is heavily wounded.
The adder barely misses you.
You hit the adder.
You kill the adder!
No target in view!
C - a +0 pair of boots You start putting on your armour.
You continue putting on your +0 pair of boots. x4
You finish putting on your +0 pair of boots.
You pick up a book of Rime and begin reading...
You add the spells Frozen Ramparts, Ice Form and Summon Ice Beast to your library.
y - 2 scrolls labelled YRUFUE ZUISK (gained 1)
You pick up a book of Air and begin reading...
You add the spells Shock, Swiftness and Airstrike to your library.
k - 3 potions of attraction (gained 1)
A dart slug comes into view.
The dart slug launches a dart at you.
The slug dart hits you but does no damage.
You hit the dart slug.
The dart slug is lightly wounded.
You hit the dart slug.
The dart slug is heavily wounded.
The dart slug closely misses you.
You hit the dart slug. You tail-slap the dart slug.
You kill the dart slug!
No target in view!
No target in view!
No target in view!
No target in view!
No target in view!
No target in view!
No target in view!
Found a helmet.
Found a stone staircase leading down.
An adder comes into view.
A giant cockroach comes into view.
The adder hisses angrily.
You barely miss the giant cockroach. The giant cockroach closely misses you.
You slash the adder!
You kill the adder!
The giant cockroach closely misses you.
You slash the giant cockroach!
You kill the giant cockroach!
No target in view!
No target in view!
No target in view!
No target in view!
No target in view!
No target in view!
No target in view!
No target in view!
No target in view!
An orc comes into view. It is wielding a +0 flail.
You see here an adder corpse.
An orc is nearby!
An orc and an orc wizard come into view.
Found 2 boomerangs.
The orc shouts! x2
An orc comes into view. It is wielding a +0 dagger.
The orc wizard shouts!
You hit the orc.
The orc is heavily wounded.
The orc hits you but does no damage.
You hit the orc.
You kill the orc!
You hit the orc but do no damage.
The orc wizard gestures wildly while chanting.
The orc wizard flickers and vanishes!
Deactivating autopickup; reactivate with Ctrl-A.
The orc hits you with a +0 flail.
You closely miss the orc. You tail-slap the orc.
The orc is moderately wounded.
The orc barely misses you.
You hit the orc.
The orc is heavily wounded.
The orc hits you with a +0 flail.
You hit the orc.
You kill the orc!
You closely miss something.
You hear some strange, mumbled words.
You are confused.
You are too confused!
You are too confused!
You are too confused!
You are too confused!
You are too confused!
You are too confused!
You are too confused!
You are too confused!
You are too confused!
You are too confused!
You are too confused!
You are too confused!
You are too confused!
You are too confused!
You are too confused!
You are too confused!
You are too confused!
You are too confused!
You are too confused!
You are too confused!
You are too confused!
You bump into the rock wall.
Something hits you.
You bump into the rock wall.
Something hits you but does no damage.
You miss something. Something hits you.
You barely miss something. Something hits you but does no damage.
You bump into the rock wall.
Something hits you but does no damage.
You completely miss something. Something hits you but does no damage.
You bump into the rock wall.
Something hits you but does no damage.
You barely miss something.
You feel less confused. Something hits you but does no damage.
You slash something!
You hear some strange, mumbled words.
A puff of flame appears from out of thin air!
The puff of flame misses you.
You hit something. Something hits you but does no damage.
You hit something.
Your tail-slap misses something.
Something hits you but does no damage.
You miss something.
Your tail-slap misses something.
Something hits you.
You closely miss something. Something hits you.
You hit something.
Reactivating autopickup.
You feel a bit more experienced.
You hit the orc.
The orc is lightly wounded.
The orc closely misses you.
You barely miss the orc.
Your tail-slap misses the orc.
The orc is lightly wounded.
The orc hits you but does no damage.
You hit the orc but do no damage.
The orc is lightly wounded.
The orc closely misses you.
You barely miss the orc.
The orc is lightly wounded.
The orc hits you but does no damage.
You barely miss the orc.
Your tail-slap misses the orc.
The orc is lightly wounded.
The orc hits you but does no damage.
You closely miss the orc.
The orc is lightly wounded.
The orc closely misses you.
You hit the orc.
The orc is almost dead.
The orc hits you but does no damage.
You closely miss the orc.
The orc is almost dead.
The orc misses you.
You barely miss the orc.
Your tail-slap misses the orc.
The orc is almost dead.
The orc hits you with a +0 dagger.
You hit the orc.
You kill the orc!
No target in view!
No target in view!
No target in view!
No target in view!
No target in view!
No target in view!
No target in view!
No target in view!
No target in view!
Items here: )))) [[ †.
Found a stone staircase leading down.
D - a scroll labelled REIQAL YRYNT
Found Puacaumn's Distillery.
There is an entrance to Puacaumn's Distillery here.
i - 3 potions of curing (gained 1) Thank you for shopping at Puacaumn's Distillery!
You can access your shopping list by pressing '$'.
Found a stone staircase leading down.
A hound comes into view.
The hound barks!
The hound bites you but does no damage. The hound barely misses you.
You slash the hound!
The hound is heavily wounded.
The hound closely misses you.
You closely miss the hound. You tail-slap the hound.
The hound is severely wounded.
The hound bites you but does no damage.
You slash the hound!
You kill the hound!
No target in view!
No target in view!
No target in view!
No target in view!
No target in view!
No target in view!
No target in view!
No target in view!
Okay, then.
Found an escape hatch in the floor.
There is a stone staircase leading down here.
A hobgoblin and an orc come into view.
The hobgoblin shouts!
The orc shouts!
The hobgoblin moves out of view.
The orc moves out of view.
There are monsters nearby!
The orc barely misses you.
You hit the hobgoblin.
The hobgoblin is almost dead.
The hobgoblin hits you but does no damage.
The orc hits you with a +0 hand axe.
You barely miss the hobgoblin.
The hobgoblin is almost dead.
The orc barely misses you. The hobgoblin barely misses you.
You hit the hobgoblin but do no damage.
The hobgoblin is almost dead.
The orc hits you but does no damage. The hobgoblin misses you.
You hit the hobgoblin but do no damage.
The hobgoblin is almost dead.
The hobgoblin hits you but does no damage.
The orc closely misses you.
You hit the hobgoblin.
You kill the hobgoblin!
The orc hits you with a +0 hand axe.
You completely miss the orc. The orc barely misses you.
You hit the orc.
Your tail-slap misses the orc.
The orc is almost dead.
The orc hits you with a +0 hand axe.
You hit the orc.
You kill the orc!
No target in view!
No target in view!
No target in view!
Things that are here:
a +0 hand axe; an orc corpse
Found a dagger.
There is a stone staircase leading down here.
A - 4 scrolls labelled JILUXOUTHRU (gained 3)
Things that are here:
a +0 club; a goblin skeleton You now have enough gold to buy a potion of heal wounds on this level.
You can access your shopping list by pressing '$'.
You now have 83 gold pieces (gained 18).
i - 4 potions of curing (gained 1)
A gnoll comes into view. It is wielding a +0 halberd.
The gnoll shouts! 2 gnolls come into view.
Found a fuming ruby potion.
The gnoll shouts! x2
Found a bubbling red potion.
You slash the gnoll!
You tail-slap the gnoll, but do no damage.
The gnoll is heavily wounded.
The gnoll hits you from afar with a +0 halberd.
The gnoll hits you with a +0 halberd!
You hit the gnoll.
The gnoll is heavily wounded.
The gnoll hits you but does no damage. The gnoll barely misses you.
You hit the gnoll but do no damage.
The gnoll is heavily wounded.
The gnoll hits you from afar with a +0 halberd.
The gnoll hits you with a +0 halberd. The gnoll barely misses you.
You are too injured to fight recklessly!
You are too injured to fight recklessly!
You are too injured to fight recklessly!
You are too injured to fight recklessly!
You are too injured to fight recklessly!
You are too injured to fight recklessly!
You are too injured to fight recklessly!
There are monsters nearby!
You are too injured to fight recklessly!
You are too injured to fight recklessly!
You are too injured to fight recklessly!
You are too injured to fight recklessly!
You are too injured to fight recklessly!
You are too injured to fight recklessly!
You are too injured to fight recklessly!
You are too injured to fight recklessly!
You are too injured to fight recklessly!
A ball python comes into view.
The ball python hisses angrily.
The gnoll hits you but does no damage.
You hit the gnoll.
Your tail-slap misses the gnoll.
The gnoll is heavily wounded.
The gnoll misses you.
You barely miss the gnoll.
The gnoll is heavily wounded.
The gnoll hits you from afar with a +0 halberd.
The gnoll hits you with a +0 club.
You hit the gnoll.
The gnoll is almost dead.
The gnoll barely misses you. The gnoll hits you with a +0 club.
You barely miss the gnoll.
The gnoll is almost dead.
The gnoll hits you but does no damage. The gnoll hits you with a +0 club.
* * * LOW HITPOINT WARNING * * *
You slash the gnoll!
You kill the gnoll!
The gnoll barely misses you.
The gnoll hits you from afar with a +0 halberd.
* * * LOW HITPOINT WARNING * * *
The gnoll hits you but does no damage.
Things that are here:
a +0 club; a gnoll corpse You hit the gnoll.
The gnoll is lightly wounded.
The gnoll barely misses you. The gnoll closely misses you.
You hit the gnoll.
The gnoll is heavily wounded.
The gnoll hits you with a +0 halberd!
* * * LOW HITPOINT WARNING * * *
The gnoll closely misses you.
You barely miss the gnoll.
The gnoll is heavily wounded.
The gnoll barely misses you. The gnoll hits you but does no damage.
You closely miss the gnoll.
You tail-slap the gnoll, but do no damage.
The gnoll is heavily wounded.
The gnoll misses you. The gnoll hits you with a +0 halberd.
* * * LOW HITPOINT WARNING * * *
You hit the gnoll.
The gnoll is almost dead.
The gnoll hits you from afar with a +0 halberd.
* * * LOW HITPOINT WARNING * * *
The gnoll closely misses you.
You barely miss the gnoll.
Your tail-slap misses the gnoll.
The gnoll is almost dead.
The gnoll hits you with a +0 halberd!
You die...

......# ......# ......# ###
......# #.# ##g....!# #.#
########.......# #.##
...............# #..####
####....##############...#..
........Sgg@........)...(..#
####.########..>÷#####.#.###
# ..! ##..##..# #.#..#.
##..# ###..####.# #.##...
..#######...## #.# ##.##..#
.#....#...### #.# #......#
#....#.### #.###.....##
#....#.#########..........#
##....#.......[.....#.#....#


You could see 2 gnolls and a ball python.

Vanquished Creatures
  A hound (D:4)
  Crazy Yiuf (D:2)
  3 orc wizards
  Robin (D:2)
  4 gnolls
  7 adders
  2 worms (D:3)
  4 dart slugs
  10 orcs
  5 bats
  6 endoplasms
  3 giant cockroaches
  17 goblins
  12 hobgoblins
  4 kobolds
  4 quokkas
  8 ball pythons
  5 frilled lizards
  8 rats
105 creatures vanquished.

Notes
Turn   | Place    | Note
-------+----------+-------------------------------------------
     0 | D:1      | sleeves the Demonspawn Monk began the quest for the Orb.
     0 | D:1      | Reached XP level 1. HP: 18/18 MP: 1/1
    35 | D:1      | Reached skill level 3 in Long Blades
   143 | D:1      | Gained mutation: You have a small tail. [demonic ancestry]
   143 | D:1      | Reached XP level 2. HP: 24/24 MP: 2/2
   431 | D:1      | Gained mutation: You are partially covered in thin metallic
                  | scales. (AC +2) [demonic ancestry]
   431 | D:1      | Reached XP level 3. HP: 27/29 MP: 3/3
   632 | D:1      | Reached skill level 4 in Long Blades
  1069 | D:2      | Noticed Robin
  1083 | D:2      | HP: 13/29 [Robin/+0 trident (5)]
  1090 | D:2      | Killed Robin
  1091 | D:2      | Gained mutation: You have a tail ending in a sharp stinger.
                  | [demonic ancestry]
  1091 | D:2      | Reached XP level 4. HP: 10/35 MP: 4/4
  1442 | D:2      | Found Vone's Magic Scroll Shop.
  1449 | D:2      | Bought a scroll of identify for 26 gold pieces
  1881 | D:2      | Found a runed translucent door.
  1882 | D:2      | Noticed Crazy Yiuf
  1979 | D:2      | HP: 39/78 [Crazy Yiuf/+4 quarterstaff of chaos (11)]
  1980 | D:2      | Killed Crazy Yiuf
  1981 | D:2      | Reached skill level 5 in Long Blades
  2121 | D:3      | Reached XP level 5. HP: 41/41 MP: 5/5
  2403 | D:3      | Reached skill level 6 in Long Blades
  2876 | D:3      | Found a shadowy altar of Dithmenos.
  2876 | D:3      | Found an opulent altar of Gozag.
  2937 | D:4      | Reached XP level 6. HP: 40/47 MP: 6/6
  3194 | D:4      | Found Puacaumn's Distillery.
  3198 | D:4      | Bought a potion of curing for 42 gold pieces
  3399 | D:4      | HP: 22/47 [gnoll/+0 club (2)]
  3405 | D:4      | HP: 10/47 [gnoll/+0 halberd (2)]
  3407 | D:4      | Slain by a gnoll

Illustrated notes

Levels and vault maps discovered:
D:1:      dpeg_arrival_morbid_curiosity, layout_loops_ring, minmay_cupped
D:2:      layout_loops_ring, serial_shops, nicolae_shop_hallway_plus,
          minmay_misc_feat_cross, chequers_serial_rivers_marsh, chequers_avenue,
          uniq_crazy_yiuf_cottage, uniq_robin
D:3:      layout_loops_ring, amethyst_overflow_temple_binary
D:4:      layout_rooms, serial_shops, shop

Skill      XL: |  1  2  3  4  5 |
---------------+----------------+-----
Long Blades    | 3 4 5 6 |  6.7
Fighting       | |  3.0
Dodging        | |  2.6
Stealth        | |  1.7

Action                   |  1- 3 |  4- 6 || total
-------------------------+-------+-------++-------
Melee: Falchion          |   118 |   205 ||   323
       Tailslap          |    12 |    23 ||    35
  Use: Scroll            |       |     4 ||     4
 Stab: Sleeping          |     4 |     3 ||     7
Armor: Robe              |    11 |       ||    11
       Ring mail         |    15 |    76 ||    91
       Skin              |       |     2 ||     2
Dodge: Dodged            |    68 |    95 ||   163

Table legend: (Time is in decaauts)
 A = Elapsed time spent in this place.
 B = Non-inter-level travel time spent in this place.
 C = Inter-level travel time spent in this place.
 D = Time resting spent in this place.
 E = Time spent auto-exploring this place.
 F = Levels seen in this place.
 G = Mean time per level.
                   A        B        C        D        E       F      G
               +--------+--------+--------+--------+--------+-----+--------+
         Total |   3420 |   3294 |    126 |     16 |   2553 |   4 |  855.0 |
       Dungeon |   3420 |   3294 |    126 |     16 |   2553 |   4 |  855.0 |
               +--------+--------+--------+--------+--------+-----+--------+

Top non-repeatable levels by time:
     D:2: 1204 daAuts
     D:1: 897 daAuts
     D:3: 841 daAuts
     D:4: 477 daAuts
